 Seeded DCSS version 0.30.1-11-g7821555f0a (webtiles) character file.

Game seed: 5129858224507802926 (custom seed)

56 Psyclone the Conjurer (level 3, 19/19 HPs)
             Began as a Deep Elf Conjurer on Nov 8, 2023.
             Quit the game on level 3 of the Dungeon.
             The game lasted 00:03:17 (2025 turns).

Psyclone the Conjurer (Deep Elf Conjurer)           Turns: 2025, Time: 00:03:17

Health: 19/19      AC:  2    Str:  4    XL:     3   Next: 69%
Magic:  10/10      EV: 12    Int: 24    God:
Gold:   87         SH:  0    Dex: 13    Spells: 7/10 levels left

rFire   . . .        (no weapon)
rCold   . . .        (no shield)
rNeg    . . .        a - +0 robe
rPois   .            (no helmet)
rElec   .            (no cloak)
rCorr   .            (no gloves)
SInv    .            (no boots)
Will    .....        (no amulet)
Stlth   ++           (no ring)
HPRegen 0.23/turn    (no ring)
MPRegen 0.12/turn

%: clarity
@: no status effects
A: talons 1, clarity, sturdy frame 1
a: no special abilities


You were on level 3 of the Dungeon.
You visited 1 branch of the dungeon, and saw 3 of its levels.

You collected 87 gold pieces.

Inventory:

Armour
 a - a +0 robe (worn)
Scrolls
 c - a scroll of vulnerability {unknown}
 d - a scroll of amnesia {unknown}
 e - a scroll of magic mapping {unknown}
 f - 2 scrolls of fear {unknown}
 h - a scroll of identify {unknown}
Potions
 b - a potion of magic
 g - a potion of curing {unknown}
 i - a potion of might {unknown}


   Skills:
 - Level 2.4 Dodging
 - Level 2.4 Stealth
 + Level 4.0 Spellcasting
 * Level 5.5 Conjurations


You had 7 spell levels left.
You knew the following spells:

 Your Spells              Type           Power      Damage    Failure   Level
a - Magic Dart            Conj           100%       1d8       1%          1
b - Searing Ray           Conj           62%        2d6       1%          2

Your spell library contained the following spells:

 Spells                   Type           Power      Damage    Failure   Level
 Dazzling Flash           Conj/Hex       36%        N/A       10%         3
 Fulminant Prism          Conj/Hex       9%         3d6       30%         4
 Iskenderun's Mystic Bla  Conj/Tloc      18%        2d6       30%         4


Dungeon Overview and Level Annotations

Branches:
Dungeon (3/15) Zot: 15973

Altars:

Shops:
D:2 =![


Innate Abilities, Weirdness & Mutations

You have sharp toenails.
You possess an exceptional clarity of mind.
Your movements are slightly less encumbered by armour. (ER -2)


Message History

There is a stone staircase leading up here.
Magic restored.
There is an open door here.
MP restored: 10
There is an open door here.
h - a scroll labelled NYNKOM WEUMUNG
There is an entrance to Tatheism's Distillery here.
You open the door.
There is an open door here. 2 gnolls come into view.
You now have 73 gold pieces (gained 8).
i - a grey potion You open the door.
You open the door.
There is an open door here.
You open the door.
There is an open door here.
You open the door.
Found 14 gold pieces.
There is an open door here.
You now have 87 gold pieces (gained 14).
You open the door.
There is an open door here.
There is a stone staircase leading up here.
You climb upwards.
There is a stone staircase leading down here.
There is a stone staircase leading down here.
You climb downwards.
There is a stone staircase leading up here.
There is a stone staircase leading down here.
You climb downwards.
Found 7 gold pieces.
There is a stone staircase leading up here.
You climb upwards.
There is a stone staircase leading down here.
You climb downwards.
There is a stone staircase leading up here.
Unknown command.
Unknown command.
Are you sure you want to abandon this character and quit the game? (Confirm with "yes".)

..# #.#
#.# #.#
#.# #
#.###
##.#...#
#...@..#
#..####.#
#. #. $.
##


There were no monsters in sight!

Vanquished Creatures
  2 gnolls (D:2)
  A worm (D:2)
  A dart slug (D:2)
  2 bats
  4 endoplasms
  3 goblins
  4 hobgoblins (D:2)
  3 quokkas
  3 ball pythons
  3 frilled lizards (D:1)
  2 kobolds
  3 rats (D:1)
31 creatures vanquished.

Notes
Turn   | Place    | Note
-------+----------+-------------------------------------------
     0 | D:1      | Psyclone the Deep Elf Conjurer began the quest for the Orb.
     0 | D:1      | Reached XP level 1. HP: 10/10 MP: 6/6
    80 | D:2      | Found Zutuxkoi's Jewellery Shop.
    83 | D:2      | Reached XP level 2. HP: 15/15 MP: 4/8
   100 | D:2      | Learned a level 2 spell: Searing Ray
   149 | D:2      | Gained mutation: You possess an exceptional clarity of
                  | mind. [potion of mutation]
   149 | D:2      | Gained mutation: Your movements are slightly less
                  | encumbered by armour. (ER -2) [potion of mutation]
   149 | D:2      | Gained mutation: You have hidden genetic potential. [potion
                  | of mutation]
   287 | D:2      | Found Tatheism's Distillery.
   295 | D:2      | Reached skill level 5 in Conjurations
   345 | D:2      | Found Xoolosaxt's Antique Armour Shop.
   447 | D:2      | Reached XP level 3. HP: 19/19 MP: 6/10
   450 | D:2      | Gained mutation: You are strong-willed. (Will+) [hidden
                  | potential]
  1219 | D:2      | Lost mutation: You have hidden genetic potential. [potion
                  | of mutation]
  1219 | D:2      | Lost mutation: You are strong-willed. (Will+) [potion of
                  | mutation]
  1219 | D:2      | Gained mutation: You have sharp toenails. [potion of
                  | mutation]
  2025 | D:3      | Quit the game

Illustrated notes

Levels and vault maps discovered:
D:1:      saegor_arrival_simple_c, layout_rooms, serial_shops, shop,
          kennysheep_nondescript, minmay_misc_feat_ornament
D:2:      layout_basic, serial_shops, nicolae_shop_tiny_statue_garden,
          nicolae_shop_scrapyard, shop, shop
D:3:      layout_loops_ring

Skill      XL: |  1  2  3 |
---------------+----------+-----
Conjurations   | 5 |  5.5
Spellcasting   | 4 |  4.0
Dodging        | |  2.4
Stealth        | |  2.4

Action                     || total
---------------------------++-------
  Melee: Unarmed           ||     7
         Punch             ||     1
   Cast: Magic Dart        ||    29
         Searing Ray       ||    10
    Use: Potion            ||     2
 Armour: Robe              ||     1
  Dodge: Dodged            ||     9
